2891 views
Uploaded 2020-03-04 01:16:46
Game version 1.32.2
14:37 long 4on4 ladder game on (8)MarketSquare
Saved by ChuckleMan
2891 views
Uploaded 2020-03-04 01:16:46
Game version 1.32.2
14:37 long 4on4 ladder game on (8)MarketSquare


99 units @ 14.6k
/ 1.8k
75 buildings @ 11.3k
/ 5.4k
⇛
ChuckleMan
(103)
(14:35) : 
| Lesser Clarity Potion | 3 | 210 |
| Healing Salve | 1 | 100 |
| Potion of Mana | 1 | 200 |
| Orb of Lightning | 1 | 375 |
| Staff of Teleportation | 1 | 150 |
| Boots of Speed | 1 | 250 |
| total: | 8 | 1285g |
| Peon | 18 | 1350 | / | 0 |
| Troll Batrider | 9 | 1440 | / | 360 |
| total: | 27 | 2790g | / | 360w |
| Watch Tower | 20 | 2200 | / | 1600 |
| Altar of Storms | 1 | 180 | / | 50 |
| Orc Burrow | 5 | 800 | / | 200 |
| Voodoo Lounge | 2 | 260 | / | 60 |
| War Mill | 1 | 205 | / | 0 |
| Great Hall | 1 | 385 | / | 185 |
| Beastiary | 5 | 725 | / | 700 |
| Stronghold | 1 | 315 | / | 190 |
| Fortress | 1 | 325 | / | 190 |
| total: | 35 | 4755g | / | 2795w |
| 0:04 | Peon |
| 0:04 | Peon |
| 0:08 | Altar of Storms |
| 0:11 | Orc Burrow |
| 0:28 | Peon |
| 0:45 | Voodoo Lounge |
| 0:51 | Peon |
| 1:01 | Peon |
| 1:16 | Peon |
| 1:26 | War Mill |
| 1:34 | Peon |
| 1:44 | Peon |
| 1:55 | Peon |
| 2:04 | Peon |
| 2:05 | Wind Walk |
| 2:09 | Lesser Clarity Potion |
| 2:09 | Lesser Clarity Potion |
| 2:10 | Healing Salve |
| 2:52 | Stronghold |
| 3:00 | Watch Tower |
| 3:01 | Watch Tower |
| 3:25 | Watch Tower |
| 3:28 | Orc Burrow |
| 4:27 | Critical Strike |
| 5:07 | Watch Tower |
| 5:07 | Watch Tower |
| 5:08 | Watch Tower |
| 5:13 | Fortress |
| 5:53 | Beastiary |
| 5:55 | Beastiary |
| 5:56 | Beastiary |
| 6:35 | Watch Tower |
| 6:43 | Voodoo Lounge |
| 7:07 | Wind Walk |
| 7:18 | Great Hall |
| 7:33 | Troll Batrider |
| 7:39 | Orc Burrow |
| 8:11 | Troll Batrider |
| 8:13 | Orc Burrow |
| 8:15 | Peon |
| 8:15 | Peon |
| 8:44 | Critical Strike |
| 8:49 | Watch Tower |
| 8:52 | Orc Burrow |
| 8:55 | Peon |
| 8:55 | Peon |
| 9:02 | Troll Batrider |
| 9:26 | Watch Tower |
| 9:30 | Watch Tower |
| 9:33 | Staff of Teleportation |
| 9:40 | Boots of Speed |
| 9:48 | Liquid Fire |
| 10:11 | Peon |
| 10:11 | Peon |
| 10:14 | Watch Tower |
| 10:31 | Troll Batrider |
| 10:52 | Troll Batrider |
| 10:56 | Watch Tower |
| 10:57 | Watch Tower |
| 11:07 | Reinforced Defenses |
| 11:22 | Troll Batrider |
| 11:41 | Watch Tower |
| 11:46 | Peon |
| 11:46 | Peon |
| 12:10 | Steel Ranged Weapons |
| 12:19 | Watch Tower |
| 12:56 | Wind Walk |
| 13:30 | Troll Batrider |
| 13:31 | Troll Batrider |
| 13:35 | Lesser Clarity Potion |
| 13:36 | Potion of Mana |
| 13:39 | Orb of Lightning |
| 13:43 | Beastiary |
| 13:45 | Beastiary |
| 13:53 | Watch Tower |
| 13:53 | Watch Tower |
| 14:16 | Troll Batrider |
| 14:22 | Watch Tower |
| 14:26 | Watch Tower |
| 14:26 | Watch Tower |
| Right click | 876 |
| Select group | 181 |
| Build/train/purchase | 118 |
| Select | 110 |
| Assign group | 45 |
| Use ability | 44 |
| Misc. action | 10 |
| Resource trade | 4 |
| Chat | 3 |
| Item give/drop | 1 |
| Esc | 1 |
| Minimap ping | 1 |


| Healing Salve | 3 | 300 |
| Lesser Clarity Potion | 3 | 210 |
| Orb of Lightning | 1 | 375 |
| total: | 7 | 885g |
| Peon | 8 | 600 | / | 0 |
| Grunt | 5 | 1000 | / | 0 |
| Shaman | 3 | 390 | / | 60 |
| Troll Headhunter | 2 | 280 | / | 40 |
| Tauren | 4 | 1120 | / | 320 |
| Troll Berserker | 1 | 140 | / | 20 |
| total: | 23 | 3530g | / | 440w |
| Altar of Storms | 1 | 180 | / | 50 |
| Orc Burrow | 5 | 800 | / | 200 |
| Barracks | 1 | 180 | / | 50 |
| Voodoo Lounge | 1 | 130 | / | 30 |
| War Mill | 1 | 205 | / | 0 |
| Beastiary | 1 | 145 | / | 140 |
| Spirit Lodge | 1 | 150 | / | 150 |
| Tauren Totem | 2 | 270 | / | 310 |
| Stronghold | 1 | 315 | / | 190 |
| Fortress | 1 | 325 | / | 190 |
| total: | 13 | 2060g | / | 930w |
| 0:05 | Peon |
| 0:08 | Altar of Storms |
| 0:13 | Orc Burrow |
| 0:15 | Peon |
| 0:36 | Barracks |
| 0:39 | Peon |
| 0:49 | Peon |
| 1:02 | Peon |
| 1:26 | Peon |
| 1:31 | Orc Burrow |
| 1:34 | Peon |
| 1:41 | Grunt |
| 2:07 | Voodoo Lounge |
| 2:16 | Peon |
| 2:19 | Critical Strike |
| 2:22 | Grunt |
| 2:40 | Grunt |
| 3:04 | Grunt |
| 3:28 | Stronghold |
| 3:54 | Healing Salve |
| 3:54 | Lesser Clarity Potion |
| 4:05 | Orc Burrow |
| 4:08 | Wind Walk |
| 5:36 | Grunt |
| 6:27 | Beastiary |
| 6:28 | Spirit Lodge |
| 6:33 | Tauren Totem |
| 6:34 | Tauren Totem |
| 6:35 | Fortress |
| 7:38 | Healing Salve |
| 7:43 | Shaman Adept Training |
| 8:34 | Wind Walk |
| 8:46 | Shaman |
| 8:56 | Healing Wave |
| 9:38 | Shaman Master Training |
| 9:41 | War Mill |
| 9:50 | Healing Salve |
| 9:50 | Orb of Lightning |
| 9:51 | Lesser Clarity Potion |
| 9:55 | Lesser Clarity Potion |
| 10:49 | Shaman |
| 10:54 | Berserker Upgrade |
| 10:55 | Troll Headhunter |
| 10:55 | Troll Headhunter |
| 10:56 | Pulverize |
| 10:56 | Tauren |
| 12:23 | Tauren |
| 12:29 | Orc Burrow |
| 12:37 | Critical Strike |
| 12:39 | Hex |
| 13:04 | Orc Burrow |
| 13:54 | Healing Wave |
| 14:05 | Tauren |
| 14:06 | Troll Berserker |
| 14:07 | Tauren |
| 14:09 | Shaman |
| Right click | 635 |
| Select | 367 |
| Build/train/purchase | 58 |
| Use ability | 20 |
| Assign group | 8 |
| Misc. action | 8 |
| Select group | 7 |
| Item give/drop | 1 |
| Remove unit | 1 |


| Rod of Necromancy | 2 | 300 |
| Potion of Healing | 1 | 150 |
| Potion of Mana | 1 | 200 |
| Orb of Corruption | 1 | 375 |
| Scroll of Town Portal | 1 | 350 |
| Scroll of Healing | 2 | 500 |
| total: | 8 | 1875g |
| Acolyte | 4 | 300 | / | 0 |
| Ghoul | 3 | 360 | / | 0 |
| Crypt Fiend | 12 | 2580 | / | 480 |
| Obsidian Statue | 1 | 200 | / | 35 |
| total: | 20 | 3440g | / | 515w |
| Crypt | 1 | 200 | / | 50 |
| Graveyard | 1 | 215 | / | 0 |
| Altar of Darkness | 1 | 180 | / | 50 |
| Ziggurat | 6 | 900 | / | 300 |
| Tomb of Relics | 1 | 130 | / | 30 |
| Slaughterhouse | 1 | 140 | / | 135 |
| Sacrificial Pit | 1 | 75 | / | 150 |
| Halls of the Dead | 1 | 320 | / | 210 |
| Black Citadel | 1 | 325 | / | 230 |
| total: | 12 | 1840g | / | 715w |
| 0:04 | Acolyte |
| 0:04 | Acolyte |
| 0:07 | Crypt |
| 0:18 | Graveyard |
| 0:30 | Altar of Darkness |
| 0:47 | Ziggurat |
| 1:09 | Ghoul |
| 1:14 | Ziggurat |
| 1:30 | Tomb of Relics |
| 1:49 | Crypt Fiend |
| 2:13 | Crypt Fiend |
| 2:34 | Rod of Necromancy |
| 2:37 | Death Coil |
| 2:51 | Crypt Fiend |
| 3:15 | Crypt Fiend |
| 4:12 | Halls of the Dead |
| 4:13 | Crypt Fiend |
| 4:31 | Ziggurat |
| 4:32 | Ziggurat |
| 4:52 | Creature Attack |
| 5:44 | Unholy Aura |
| 6:04 | Crypt Fiend |
| 6:19 | Crypt Fiend |
| 6:33 | Crypt Fiend |
| 6:34 | Burrow |
| 7:13 | Death Coil |
| 7:23 | Crypt Fiend |
| 7:24 | Ghoul |
| 7:24 | Ghoul |
| 8:43 | Black Citadel |
| 8:45 | Frost Nova |
| 8:47 | Rod of Necromancy |
| 8:48 | Potion of Healing |
| 8:48 | Potion of Mana |
| 8:55 | Ziggurat |
| 8:59 | Improved Creature Attack |
| 9:09 | Scroll of Town Portal |
| 9:55 | Scroll of Healing |
| 10:06 | Crypt Fiend |
| 10:31 | Web |
| 10:37 | Ziggurat |
| 10:49 | Slaughterhouse |
| 11:14 | Unholy Aura |
| 11:40 | Crypt Fiend |
| 11:45 | Sacrificial Pit |
| 11:46 | Acolyte |
| 12:01 | Frost Armor |
| 12:05 | Orb of Corruption |
| 12:14 | Scroll of Healing |
| 12:20 | Obsidian Statue |
| 12:40 | Acolyte |
| 12:48 | Crypt Fiend |
| 13:27 | Frost Nova |
| Right click | 1033 |
| Select group | 697 |
| Select | 251 |
| Build/train/purchase | 62 |
| Misc. action | 42 |
| Assign group | 24 |
| Use ability | 16 |
| Esc | 3 |
| Item give/drop | 1 |

| Lesser Clarity Potion | 2 | 140 |
| Orb of Venom | 1 | 325 |
| Anti-magic Potion | 1 | 100 |
| Potion of Lesser Invulnerability | 1 | 150 |
| Staff of Teleportation | 1 | 150 |
| total: | 6 | 865g |
| Wisp | 12 | 720 | / | 0 |
| Archer | 1 | 130 | / | 10 |
| Rogue | 3 | 450 | / | 0 |
| Assassin | 5 | 1250 | / | 150 |
| Kobold Geomancer | 4 | 1020 | / | 120 |
| Forest Troll High Priest | 4 | 1220 | / | 160 |
| total: | 29 | 4790g | / | 440w |
| Ancient Protector | 2 | 270 | / | 160 |
| Altar of Elders | 1 | 180 | / | 50 |
| Moon Well | 6 | 1080 | / | 240 |
| Ancient of War | 3 | 450 | / | 180 |
| Ancient of Wonders | 1 | 90 | / | 30 |
| Hunter's Hall | 1 | 210 | / | 100 |
| Tree of Life | 1 | 340 | / | 185 |
| Tree of Ages | 1 | 320 | / | 180 |
| Tree of Eternity | 1 | 330 | / | 200 |
| total: | 15 | 2620g | / | 945w |
| 0:02 | Wisp |
| 0:02 | Wisp |
| 0:02 | Wisp |
| 0:20 | Altar of Elders |
| 0:34 | Moon Well |
| 0:38 | Wisp |
| 0:38 | Wisp |
| 0:47 | Ancient of War |
| 1:07 | Wisp |
| 1:08 | Wisp |
| 1:08 | Wisp |
| 1:32 | Wisp |
| 1:32 | Wisp |
| 1:46 | Moon Well |
| 1:57 | Archer |
| 2:03 | Ancient of Wonders |
| 2:17 | Summon Lava Spawn |
| 2:51 | Hunter's Hall |
| 3:04 | Moon Well |
| 3:08 | Moon Well |
| 3:34 | Wisp |
| 3:35 | Wisp |
| 4:00 | Rogue |
| 4:00 | Assassin |
| 4:23 | Tree of Ages |
| 4:45 | Ancient of War |
| 4:52 | Ancient of War |
| 4:58 | Lesser Clarity Potion |
| 4:58 | Lesser Clarity Potion |
| 5:09 | Ancient Protector |
| 5:14 | Ancient Protector |
| 5:44 | Rogue |
| 6:24 | Assassin |
| 6:25 | Assassin |
| 6:34 | Incinerate |
| 7:21 | Nature's Blessing |
| 7:33 | Kobold Geomancer |
| 7:33 | Forest Troll High Priest |
| 7:51 | Incinerate |
| 7:57 | Strength of the Wild |
| 7:57 | Reinforced Hides |
| 7:58 | Ultravision |
| 8:44 | Rogue |
| 8:54 | Potion of Lesser Invulnerability |
| 8:55 | Staff of Teleportation |
| 9:03 | Tree of Eternity |
| 9:42 | Kobold Geomancer |
| 9:42 | Forest Troll High Priest |
| 9:52 | Assassin |
| 10:06 | Summon Lava Spawn |
| 10:57 | Kobold Geomancer |
| 11:11 | Moon Well |
| 11:13 | Moon Well |
| 11:30 | Orb of Venom |
| 11:31 | Anti-magic Potion |
| 11:37 | Kobold Geomancer |
| 12:06 | Forest Troll High Priest |
| 12:32 | Tree of Life |
| 13:05 | Summon Lava Spawn |
| 13:20 | Assassin |
| 13:41 | Forest Troll High Priest |
| Right click | 347 |
| Select group | 224 |
| Select | 157 |
| Assign group | 106 |
| Chat | 79 |
| Build/train/purchase | 76 |
| Misc. action | 70 |
| Use ability | 2 |
| Minimap ping | 2 |
| Item give/drop | 1 |
86 units @ 12.3k
/ 1.4k
61 buildings @ 8.9k
/ 3.7k


| Lesser Clarity Potion | 1 | 70 |
| Scroll of Regeneration | 1 | 100 |
| total: | 2 | 170g |
| Peasant | 8 | 600 | / | 0 |
| Footman | 10 | 1350 | / | 0 |
| Rifleman | 4 | 820 | / | 120 |
| Knight | 1 | 245 | / | 60 |
| total: | 23 | 3015g | / | 180w |
| Scout Tower | 5 | 150 | / | 100 |
| Arcane Tower | 1 | 70 | / | 50 |
| Guard Tower | 3 | 210 | / | 150 |
| Altar of Kings | 1 | 180 | / | 50 |
| Farm | 11 | 880 | / | 220 |
| Barracks | 3 | 480 | / | 180 |
| Arcane Vault | 1 | 130 | / | 30 |
| Lumber Mill | 1 | 120 | / | 0 |
| Blacksmith | 1 | 140 | / | 60 |
| Town Hall | 1 | 385 | / | 205 |
| Keep | 1 | 320 | / | 210 |
| Castle | 1 | 360 | / | 210 |
| total: | 24 | 2465g | / | 845w |
| 0:02 | Peasant |
| 0:02 | Peasant |
| 0:06 | Altar of Kings |
| 0:09 | Farm |
| 0:19 | Barracks |
| 0:32 | Peasant |
| 0:48 | Farm |
| 0:50 | Peasant |
| 1:04 | Peasant |
| 1:12 | Peasant |
| 1:20 | Footman |
| 1:36 | Scout Tower |
| 1:40 | Farm |
| 1:42 | Footman |
| 1:51 | Peasant |
| 2:04 | Arcane Tower |
| 2:11 | Holy Light |
| 2:13 | Footman |
| 2:23 | Farm |
| 2:37 | Footman |
| 2:40 | Peasant |
| 2:55 | Arcane Vault |
| 3:05 | Lumber Mill |
| 3:43 | Footman |
| 3:52 | Footman |
| 4:51 | Keep |
| 5:00 | Lesser Clarity Potion |
| 5:01 | Scroll of Regeneration |
| 5:02 | Footman |
| 5:03 | Defend |
| 5:09 | Scout Tower |
| 5:13 | Farm |
| 5:21 | Footman |
| 5:24 | Blacksmith |
| 5:42 | Guard Tower |
| 5:43 | Scout Tower |
| 5:45 | Scout Tower |
| 5:58 | Devotion Aura |
| 6:12 | Guard Tower |
| 6:15 | Improved Masonry |
| 6:17 | Farm |
| 6:19 | Footman |
| 7:06 | Footman |
| 7:07 | Rifleman |
| 7:17 | Scout Tower |
| 7:20 | Farm |
| 7:41 | Rifleman |
| 8:50 | Guard Tower |
| 9:00 | Storm Bolt |
| 9:03 | Castle |
| 9:22 | Farm |
| 9:23 | Iron Forged Swords |
| 9:24 | Iron Plating |
| 9:53 | Bash |
| 10:10 | Black Gunpowder |
| 10:11 | Improved Lumber Harvesting |
| 10:13 | Farm |
| 10:18 | Barracks |
| 10:54 | Farm |
| 10:57 | Rifleman |
| 10:58 | Long Rifles |
| 11:00 | Advanced Masonry |
| 11:25 | Barracks |
| 11:27 | Animal War Training |
| 11:28 | Knight |
| 11:40 | Town Hall |
| 12:16 | Rifleman |
| 12:25 | Devotion Aura |
| 12:30 | Farm |
| Right click | 735 |
| Select | 356 |
| Select group | 204 |
| Build/train/purchase | 69 |
| Use ability | 26 |
| Assign group | 16 |
| Esc | 6 |
| Misc. action | 3 |



| Healing Salve | 3 | 300 |
| Lesser Clarity Potion | 1 | 70 |
| Scroll of Speed | 1 | 50 |
| Orb of Lightning | 2 | 750 |
| Tiny Great Hall | 1 | 600 |
| total: | 8 | 1770g |
| Peon | 11 | 825 | / | 0 |
| Grunt | 5 | 1000 | / | 0 |
| Troll Batrider | 8 | 1280 | / | 320 |
| total: | 24 | 3105g | / | 320w |
| Altar of Storms | 1 | 180 | / | 50 |
| Orc Burrow | 6 | 960 | / | 240 |
| Barracks | 1 | 180 | / | 50 |
| Voodoo Lounge | 1 | 130 | / | 30 |
| War Mill | 1 | 205 | / | 0 |
| Beastiary | 2 | 290 | / | 280 |
| Stronghold | 1 | 315 | / | 190 |
| Fortress | 1 | 325 | / | 190 |
| total: | 12 | 1945g | / | 650w |
| 0:03 | Peon |
| 0:03 | Peon |
| 0:03 | Peon |
| 0:06 | Altar of Storms |
| 0:19 | Orc Burrow |
| 0:34 | Barracks |
| 0:45 | Peon |
| 0:53 | Peon |
| 1:00 | Peon |
| 1:28 | Orc Burrow |
| 1:36 | Grunt |
| 1:51 | Voodoo Lounge |
| 2:06 | Wind Walk |
| 2:20 | Grunt |
| 2:56 | Stronghold |
| 2:58 | Grunt |
| 3:18 | Grunt |
| 3:32 | Critical Strike |
| 3:36 | Orc Burrow |
| 3:56 | War Mill |
| 5:15 | Grunt |
| 5:19 | Orc Burrow |
| 5:33 | Fortress |
| 6:40 | Healing Salve |
| 6:40 | Healing Salve |
| 6:41 | Lesser Clarity Potion |
| 6:41 | Scroll of Speed |
| 6:52 | Hex |
| 7:23 | Wind Walk |
| 7:42 | Critical Strike |
| 7:46 | Beastiary |
| 8:51 | Beastiary |
| 8:54 | Troll Batrider |
| 8:57 | Liquid Fire |
| 8:59 | Steel Ranged Weapons |
| 9:30 | Troll Batrider |
| 9:59 | Healing Wave |
| 10:10 | Troll Batrider |
| 10:13 | Thorium Ranged Weapons |
| 10:30 | Troll Batrider |
| 11:07 | Troll Batrider |
| 11:08 | Troll Batrider |
| 11:11 | Steel Armor |
| 11:32 | Orb of Lightning |
| 11:32 | Tiny Great Hall |
| 11:56 | Troll Batrider |
| 11:59 | Orc Burrow |
| 12:33 | Peon |
| 12:33 | Peon |
| 12:33 | Peon |
| 12:33 | Peon |
| 12:34 | Peon |
| 12:38 | War Stomp |
| 13:23 | Healing Salve |
| 13:26 | Healing Wave |
| 13:42 | Orc Burrow |
| 13:47 | Troll Batrider |
| 14:17 | Orb of Lightning |
| Right click | 1018 |
| Select group | 447 |
| Select | 273 |
| Misc. action | 85 |
| Build/train/purchase | 71 |
| Assign group | 56 |
| Use ability | 13 |
| Minimap ping | 4 |
| Item give/drop | 2 |
| Esc | 1 |

| Dust of Appearance | 1 | 75 |
| total: | 1 | 75g |
| Acolyte | 2 | 150 | / | 0 |
| Ghoul | 5 | 600 | / | 0 |
| Frost Wyrm | 5 | 1925 | / | 600 |
| total: | 12 | 2675g | / | 600w |
| Graveyard | 1 | 215 | / | 0 |
| Crypt | 1 | 200 | / | 50 |
| Ziggurat | 7 | 1050 | / | 350 |
| Altar of Darkness | 1 | 180 | / | 50 |
| Tomb of Relics | 1 | 130 | / | 30 |
| Sacrificial Pit | 1 | 75 | / | 150 |
| Boneyard | 4 | 700 | / | 800 |
| Halls of the Dead | 1 | 320 | / | 210 |
| Black Citadel | 1 | 325 | / | 230 |
| total: | 16 | 2550g | / | 1430w |
| 0:06 | Acolyte |
| 0:06 | Acolyte |
| 0:28 | Graveyard |
| 0:59 | Halls of the Dead |
| 1:53 | Crypt |
| 2:23 | Ziggurat |
| 3:02 | Ghoul |
| 3:02 | Ghoul |
| 3:09 | Altar of Darkness |
| 3:14 | Ghoul |
| 3:18 | Ghoul |
| 3:30 | Ziggurat |
| 4:03 | Ghoul |
| 4:31 | Black Citadel |
| 4:56 | Sacrificial Pit |
| 5:09 | Ziggurat |
| 5:16 | Ziggurat |
| 5:22 | Ziggurat |
| 5:27 | Ziggurat |
| 5:41 | Death Coil |
| 6:55 | Boneyard |
| 7:01 | Boneyard |
| 7:05 | Boneyard |
| 7:09 | Boneyard |
| 7:43 | Creature Attack |
| 7:44 | Creature Carapace |
| 8:22 | Frost Wyrm |
| 8:33 | Frost Wyrm |
| 8:59 | Freezing Breath |
| 9:53 | Frost Wyrm |
| 9:56 | Improved Creature Attack |
| 10:00 | Unholy Aura |
| 10:35 | Death Coil |
| 10:59 | Frost Wyrm |
| 11:16 | Improved Creature Carapace |
| 11:20 | Ziggurat |
| 11:36 | Tomb of Relics |
| 12:02 | Unholy Aura |
| 12:26 | Frost Wyrm |
| 12:49 | Dust of Appearance |
| Right click | 172 |
| Select | 89 |
| Select group | 40 |
| Build/train/purchase | 27 |
| Use ability | 6 |
| Assign group | 5 |
| Misc. action | 1 |
| Minimap ping | 1 |

| Periapt of Vitality | 1 | 325 |
| Boots of Speed | 1 | 250 |
| total: | 2 | 575g |
| Peon | 11 | 825 | / | 0 |
| Grunt | 4 | 800 | / | 0 |
| Troll Headhunter | 11 | 1540 | / | 220 |
| Frost Wyrm | 1 | 385 | / | 120 |
| total: | 27 | 3550g | / | 340w |
| Altar of Storms | 1 | 180 | / | 50 |
| Barracks | 1 | 180 | / | 50 |
| Orc Burrow | 3 | 480 | / | 120 |
| War Mill | 1 | 205 | / | 0 |
| Great Hall | 2 | 770 | / | 370 |
| Spirit Lodge | 1 | 150 | / | 150 |
| Stronghold | 1 | 315 | / | 190 |
| Fortress | 1 | 325 | / | 190 |
| total: | 9 | 1965g | / | 740w |
| 0:06 | Altar of Storms |
| 0:10 | Barracks |
| 0:12 | Peon |
| 0:12 | Peon |
| 0:32 | Orc Burrow |
| 1:06 | Peon |
| 1:28 | Orc Burrow |
| 1:46 | Grunt |
| 1:58 | Peon |
| 2:28 | Grunt |
| 2:44 | Wind Walk |
| 3:08 | War Mill |
| 3:52 | Grunt |
| 3:55 | Peon |
| 3:59 | Orc Burrow |
| 4:30 | Troll Headhunter |
| 4:30 | Troll Headhunter |
| 5:16 | Troll Headhunter |
| 5:16 | Troll Headhunter |
| 5:30 | Stronghold |
| 6:02 | Critical Strike |
| 6:47 | Troll Headhunter |
| 6:47 | Troll Headhunter |
| 7:10 | Troll Headhunter |
| 7:11 | Grunt |
| 7:55 | Steel Ranged Weapons |
| 8:00 | Fortress |
| 8:45 | Troll Regeneration |
| 8:45 | Troll Headhunter |
| 8:45 | Troll Headhunter |
| 9:47 | Troll Headhunter |
| 9:47 | Troll Headhunter |
| 9:57 | Great Hall |
| 10:13 | Great Hall |
| 10:30 | Spirit Lodge |
| 10:35 | Peon |
| 10:35 | Peon |
| 10:54 | Critical Strike |
| 11:40 | Peon |
| 11:40 | Peon |
| 11:54 | Periapt of Vitality |
| 11:57 | Boots of Speed |
| 12:26 | Shaman Adept Training |
| 12:30 | Berserker Upgrade |
| 13:33 | Frost Wyrm |
| 13:37 | Peon |
| 13:37 | Peon |
| Right click | 257 |
| Select | 141 |
| Build/train/purchase | 48 |
| Use ability | 4 |
| Minimap ping | 3 |